 Dungeon Crawl Stone Soup version 0.27-a0-972-gd1521fd518 (webtiles) character file.

Game seed: 10495840545884284214

6 Alarkh the Insei (level 1, -1/15 HPs)
             Began as a Demonspawn Transmuter on Apr 13, 2021.
             Slain by a goblin
             ... wielding a +0 club
              (4 damage)
             ... on level 1 of the Dungeon.
             The game lasted 00:00:21 (398 turns).

Alarkh the Insei (Demonspawn Transmuter)             Turns: 398, Time: 00:00:22

Health: -1/15      AC:  2    Str: 10    XL:     1   Next: 75%
Magic:  3/3        EV: 12    Int: 14    God:
Gold:   0          SH:  0    Dex: 13    Spells: 3/4 levels left

rFire    . . .     SeeInvis .     - Unarmed
rCold    . . .     Faith    .   (no shield)
rNeg     . . .     Spirit   .   a - +0 robe
rPois    .         Reflect  .   (helmet currently unavailable)
rElec    .         Harm     .   (no cloak)
rCorr    .         Rampage  .   (no gloves)
Will     .....                  (boots currently unavailable)
Stlth    +.........             (no amulet)
HPRegen  0.05/turn              (no ring)
MPRegen  0.08/turn              (no ring)

@: appendages (expiring)
A: horns 2, talons 2
a: End Transformation


You were on level 1 of the Dungeon.
You had temporarily grown beastly horns and talons.
You visited 1 branch of the dungeon, and saw 1 of its levels.

Inventory:

Missiles
 d - 14 poisoned darts
Armour
 a - a +0 robe (worn)
Scrolls
 b - a scroll of brand weapon {unknown}
Potions
 c - 2 potions of flight {unknown}
 e - a potion of resistance {unknown}


   Skills:
 + Level 1.1 Fighting
 - Level 1.7 Dodging
 * Level 2.8 Unarmed Combat
 + Level 2.1 Spellcasting
 + Level 1.9 Transmutations


You had 3 spell levels left.
You knew the following spells:

 Your Spells              Type           Power      Damage    Failure   Level
a - Beastly Appendage     Tmut           12%        N/A       11%         1

Your spell library contained the following spells:

 Spells                   Type           Power      Damage    Failure   Level
 Wereblood                Tmut           6%         N/A       16%         2
 Spider Form              Tmut/Pois      2%         N/A       43%         3
 Ice Form                 Ice/Tmut       4%         N/A       85%         4
 Hydra Form               Tmut           3%         N/A       96%         5


Dungeon Overview and Level Annotations

Branches:
Dungeon (1/15)

Altars:

Shops:
D:1 [


Innate Abilities, Weirdness & Mutations

You have temporarily grown beastly horns and talons.


Message History

Confirm with . or Enter, or press ? or * to list all spells.
You grow a pair of large bovine horns.
Your feet morph into talons.
Unknown command.
The hobgoblin shouts!
You hear an angry hiss.
You hit the hobgoblin.
You claw the hobgoblin, but do no damage.
The hobgoblin is moderately wounded.
The hobgoblin hits you.
You are too injured to fight recklessly!
You are too injured to fight recklessly!
You are too injured to fight recklessly!
You are too injured to fight recklessly!
You are too injured to fight recklessly!
You are too injured to fight recklessly!
You are too injured to fight recklessly!
You hit the hobgoblin. You claw the hobgoblin.
You kill the hobgoblin!
A frilled lizard comes into view.
Found a stone staircase leading down.
A frilled lizard is nearby!
The frilled lizard hisses angrily.
A dart slug comes into view.
The frilled lizard misses you.
You closely miss the frilled lizard. Your kick misses the frilled lizard.
Your headbutt misses the frilled lizard.
Your transformation is almost over.
The frilled lizard bites you.
You closely miss the frilled lizard.
A goblin comes into view. It is wielding a +0 club.
The frilled lizard misses you.
You completely miss the frilled lizard. Your kick misses the frilled lizard.
The frilled lizard bites you.
* * * LOW HITPOINT WARNING * * *
The dart slug launches a dart at you. The slug dart misses you.
You closely miss the frilled lizard. The frilled lizard closely misses you.
You hit the frilled lizard.
You kill the frilled lizard!
You closely miss the goblin. The goblin hits you with a +0 club.
You die...

######## #).....#
#...... .## #.....
..##..#.####
........@gw#
###..##.##.......
#...#..# ##.....
####.#...#####....>
...................
....##.#.#####.. ..
.#. #.#.# . #.#.##
#.#..##


You could see a dart slug and a goblin.

Vanquished Creatures
  A goblin (D:1)
  A hobgoblin (D:1)
  2 quokkas (D:1)
  A frilled lizard (D:1)
5 creatures vanquished.

Notes
Turn   | Place    | Note
-------+----------+-------------------------------------------
     0 | D:1      | Alarkh the Demonspawn Transmuter began the quest for the
                  | Orb.
     0 | D:1      | Reached XP level 1. HP: 15/15 MP: 3/3
   274 | D:1      | Found Yllyeseb's Armour Boutique.
   398 | D:1      | Slain by a goblin

Illustrated notes

Levels and vault maps discovered:
D:1:      minmay_arrival_jagged, layout_rooms, serial_shops, shop_statue,
          ebering_ecumenical_altar_petrified

Action                   || total
-------------------------++-------
Melee: Unarmed           ||    24
       Kick              ||     2
       Headbutt          ||     2
 Cast: Beastly Appendage ||     3
Dodge: Dodged            ||    13

Table legend: (Time is in decaauts)
 A = Elapsed time spent in this place.
 B = Non-inter-level travel time spent in this place.
 C = Inter-level travel time spent in this place.
 D = Time resting spent in this place.
 E = Time spent auto-exploring this place.
 F = Levels seen in this place.
 G = Mean time per level.
                   A        B        C        D        E       F      G
               +--------+--------+--------+--------+--------+-----+--------+
         Total |    397 |    397 |      0 |      0 |    358 |   1 |  397.0 |
       Dungeon |    397 |    397 |      0 |      0 |    358 |   1 |  397.0 |
               +--------+--------+--------+--------+--------+-----+--------+

Top non-repeatable levels by time:
     D:1: 397 daAuts
